 Dungeon Crawl Stone Soup version 0.30-a0-939-gc8157cb160 (webtiles) character file.

Game seed: 3680614148345859913

9295 Jeffwins the Spear-Bearer (level 11, -2/77 HPs)
             Began as a Human Wanderer on Mar 26, 2023.
             Was a Priest of Vehumet.
             Slain by a yak (11 damage)
             ... on level 10 of the Dungeon.
             The game lasted 00:19:14 (9908 turns).

Jeffwins the Spear-Bearer (Human Wanderer)          Turns: 9908, Time: 00:19:15

Health: -2/77      AC:  9    Str: 14    XL:     11   Next: 71%
Magic:  4/18       EV: 11    Int: 16    God:    Vehumet [***...]
Gold:   1353       SH:  0    Dex: 12    Spells: 8/20 levels left

rFire   . . .      SeeInvis .    b - +5 scythe "Finisher" {speed, eviscerate}
rCold   . . .      Faith    +    (shield currently unavailable)
rNeg    + . .      Spirit   .    t - +0 steam dragon scales
rPois   .          Reflect  .    o - +1 hat {Will+}
rElec   .          Rampage  .    w - +1 cloak
rCorr   .                        A - +0 pair of gloves
Will    +....                    (no boots)
Stlth   +++                      H - amulet of faith {!P}
HPRegen 0.32/turn                N - ring of positive energy
MPRegen 0.16/turn                (no ring)

@: very slightly contaminated, hasted, very quick
A: no striking features
a: Renounce Religion


You were on level 10 of the Dungeon.
You worshipped Vehumet.
Vehumet was most pleased with you.
You visited 1 branch of the dungeon, and saw 10 of its levels.
You also visited: Bailey.

You collected 1353 gold pieces.


   Skills:
 - Level 4.0 Fighting
 * Level 8.0 Polearms
 + Level 4.3 Throwing
 - Level 5.0 Stealth
 * Level 5.1 Spellcasting
 * Level 3.2 Conjurations
 * Level 6.2 Necromancy
 * Level 6.2 Fire Magic
 * Level 6.2 Air Magic
 * Level 3.3 Poison Magic
 + Level 6.2 Evocations


You had 8 spell levels left.
You knew the following spells:

 Your Spells              Type           Power      Damage    Failure   Level
n - Dispel Undead         Necr           24%        3d12      12%         4
p - Poisonous Vapours     Pois/Air       38%        N/A       1%          2
x - Plasma Beam           Fire/Air       12%        2x1d25    9%          5
z - Foxfire               Conj/Fire      76%        2x1d7     1%          1

Your spell library contained the following spells:

 Spells                   Type           Power      Damage    Failure   Level
 Inner Flame              Hex/Fire       14%        N/A       3%          3
 Kiss of Death            Conj/Necr      76%        2d11      1%          1
 Airstrike                Air            12%        2d(2-18)  3%          4
 Dazzling Flash           Conj/Hex       18%        N/A       7%          3
 Iskenderun's Mystic Bla  Conj/Tloc      9%         2d4       21%         4
 Summon Lightning Spire   Summ/Air       14%        N/A       38%         4
 Confusing Touch          Hex            4%         N/A       41%         3
 Starburst                Conj/Fire      9%         6d5       58%         6
 Animate Armour           Summ/Erth      8%         N/A       83%         4
 Iron Shot                Conj/Erth      4%         9d2       94%         6
 Blade Hands              Tmut           2%         N/A       99%         5

Inventory:

Hand Weapons
 a - the +9 spear "Enigejat" {elec, *Slow rN+++ rCorr Str+2}
   (You found it on level 3 of the Dungeon)

   Str:       It affects your strength (+2).
   rN:        It renders you almost immune to negative energy.
   rCorr:     It protects you from acid and corrosion.
   *Slow:     It may slow you when you take damage.
 b - the +5 scythe "Finisher" (weapon) {speed, eviscerate}
   (You acquired it on level 9 of the Dungeon)
 z - the +4 whip of Hulas {flame, *Rage rElec rF+ Will+}
   (You found it on level 9 of the Dungeon)

   rF:        It protects you from fire.
   rElec:     It insulates you from electricity.
   *Rage:     It berserks you when you make melee attacks (+20% chance).
   Will:      It increases your willpower.
Missiles
 r - 5 poisoned darts (quivered)
Armour
 o - a +1 hat of willpower (worn)
 t - +0 steam dragon scales (worn)
 w - a +1 cloak (worn)
 A - a +0 pair of gloves (worn)
 C - a +0 robe of fire resistance
 D - the +2 ring mail of Golden Freedom {Dex+5}
   (You found it on level 9 of the Dungeon)

   Dex:       It affects your dexterity (+5).
 I - a +0 troll leather armour
Magical Staves
 i - a staff of air
 B - a staff of fire
Jewellery
 F - a ring of fire
 H - an amulet of faith (around neck) {!P}
 N - a ring of positive energy (left hand)
Wands
 u - a wand of flame (24)
Scrolls
 c - 3 scrolls of blinking
 d - 4 scrolls of noise {unknown}
 f - a scroll of teleportation {@r4}
 h - 4 scrolls of enchant weapon
 j - 2 scrolls of vulnerability {!r}
 l - a scroll of amnesia
 p - 3 scrolls of fear {unknown}
 q - 2 scrolls of fog
 y - a scroll of enchant armour {unknown}
Potions
 e - 3 potions of curing {@q1}
 g - 2 potions of lignification {unknown}
 k - a potion of might {unknown}
 s - 3 potions of flight {unknown}
 v - 3 potions of heal wounds {unknown}
 x - 2 potions of brilliance
 E - a potion of invisibility
 G - a potion of ambrosia {unknown}
Miscellaneous
 n - a piece from Xom's chessboard (9/15)

Dungeon Overview and Level Annotations

Branches:
Dungeon (10/15)            Temple (0/1) D:7            Lair (0/5) D:9
    Orc (0/2) D:9          Bailey (visited)

Altars:
Cheibriados
Dithmenos
Elyvilon
Sif Muna
Vehumet
Zin

Shops:
D:5 ( D:10

! #.#####.##...8...#
#o##..8.8..#
#....8...8.#
####..#8..∩..8# ###
#...o...8...8.# #..
#.##.##..8.8..#####.#
#...Y.....8.........#
####Y##...######....#
#@##..........####
#.......#####..
####..### #### .# #


You could see 2 yaks, an orc priest and an orc.


Message History

The yak gores you!
* * * LOW HITPOINT WARNING * * *
Unknown command.
Unknown command.
You barely miss the yak.
The yak is moderately wounded.
An orc priest comes into view. It is wielding a +0 trident.
The yak barely misses you.
Unknown command.
The orc priest shouts!
You puncture the yak!
The yak is heavily wounded.
The yak closely misses you.
Unknown command.
You hit the yak.
You blow up the yak!
Vehumet accepts your kill.
You feel your power returning.
Unknown command.
You hit the yak but do no damage.
The yak is almost dead.
The orc priest calls down the wrath of Beogh upon you.
Beogh smites you!
* * * LOW HITPOINT WARNING * * *
The yak gores you but does no damage.
Unknown command.
You feel yourself speed up.
An orc comes into view. It is wielding a +0 club.
The yak gores you!
You die...

Skill      XL: |  1  2  3  4  5  6  7  8  9 10 11 |
---------------+----------------------------------+-----
Stealth        | 1 2 3 4 5 |  5.0
Polearms       | 3 4 5 6 7 8 |  8.0
Spellcasting   | 2 3 4 5 |  5.1
Evocations     | 4 5 6 |  6.2
Throwing       | 1 2 3 4 |  4.3
Necromancy     | 2 3 4 5 6 |  6.2
Fire Magic     | 1 2 4 5 6 |  6.2
Air Magic      | 1 2 4 5 6 |  6.2
Conjurations   | 1 3 |  3.2
Poison Magic   | 1 3 |  3.3
Fighting       | |  4.0

Action                     |  1- 3 |  4- 6 |  7- 9 | 10-12 || total
---------------------------+-------+-------+-------+-------++-------
  Melee: Spear             |    77 |   171 |   243 |   274 ||   765
         Punch             |     3 |     1 |     2 |     3 ||     9
         Scythe            |       |       |       |    72 ||    72
  Throw: Dart              |       |       |       |     5 ||     5
   Cast: Foxfire           |       |       |       |    78 ||    78
         Plasma Beam       |       |       |       |    11 ||    11
  Evoke: Wand              |    10 |     8 |       |     1 ||    19
         Piece from Xom's  |       |       |       |     8 ||     8
    Use: Potion            |     1 |       |       |     6 ||     7
         Scroll            |       |     4 |     4 |     9 ||    17
   Stab: Sleeping          |     2 |     5 |     4 |     5 ||    16
         Distracted        |       |       |       |     2 ||     2
 Armour: Leather armour    |    28 |    28 |     2 |       ||    58
         Ring mail         |       |       |    42 |       ||    42
         Steam dragon scal |       |       |     5 |    68 ||    73
         Skin              |       |       |     1 |       ||     1
  Dodge: Dodged            |    34 |    60 |    87 |   118 ||   299

Levels and vault maps discovered:
D:1:      psy_arrival_radial01, layout_loops_ring
D:2:      layout_loops_cross, uniq_sigmund, uniq_natasha
D:3:      minmay_chambers_of_threes, layout_loops_ring,
          mainiacjoe_overflow_catwalk
D:4:      layout_cave_pools, mainiacjoe_overflow_six_doors_small,
          nicolae_vehumet_radiance, hangedman_decor_lopped
D:5:      layout_basic, serial_shops, kennysheep_mini_moat,
          minmay_misc_feat_cross, st_stairs_1, uniq_pikel
D:6:      layout_rooms
D:7:      layout_loops_ring, elyvilon_altar_1, minmay_temple_entry_glassed_door
D:8:      layout_loops_ring, nicolae_dithmenos_the_darkroom, enter_bailey_4,
          hellmonk_bongcloud_opening, kennysheep_flooded_box,
          nicolae_diode_basic, uniq_gastronok
D:9:      nicolae_cairo_tiling_very_big, layout_basic, slow_altar_2,
          david_lair_shrubbed, orc_0_dummy
D:10:     layout_loops_ring, kennysheep_vampire_church,
          gammafunk_ghost_nasty_kobolds, serial_shops, nicolae_diamond_shop,
          uniq_erolcha

Notes
Turn   | Place    | Note
-------+----------+-------------------------------------------
     0 | D:1      | Jeffwins the Human Wanderer began the quest for the Orb.
     0 | D:1      | Jeffwins set off with the following items: a +1 spear, a
                  | wand of flame (18), a scroll of blinking, a +0 leather
                  | armour.
     0 | D:1      | Reached XP level 1. HP: 19/19 MP: 2/2
    57 | D:1      | Reached XP level 2. HP: 11/25 MP: 3/3
   182 | D:1      | Reached XP level 3. HP: 30/30 MP: 3/5
   236 | D:1      | Reached skill level 1 in Stealth
  1022 | D:2      | Noticed Natasha
  1034 | D:2      | Killed Natasha
  1035 | D:2      | Reached skill level 3 in Polearms
  1035 | D:2      | Reached XP level 4. HP: 16/37 MP: 6/6
  1123 | D:2      | Noticed Natasha
  1133 | D:2      | Killed Natasha
  1243 | D:2      | Reached XP level 5. HP: 42/42 MP: 7/7
  1361 | D:2      | Noticed Natasha
  1368 | D:2      | Killed Natasha
  1369 | D:2      | Reached skill level 2 in Stealth
  1369 | D:2      | Reached skill level 2 in Spellcasting
  1621 | D:2      | Noticed Sigmund
  1639 | D:2      | Killed Sigmund
  1640 | D:2      | Reached skill level 4 in Polearms
  1640 | D:2      | Reached skill level 4 in Evocations
  1640 | D:2      | Reached XP level 6. HP: 31/48 MP: 9/9
  1862 | D:3      | Found a glowing silver altar of Zin.
  2244 | D:3      | Identified the +9 spear "Enigejat" {elec, *Slow rN+++ rCorr
                  | Str+2}
  2477 | D:3      | Learned a level 4 spell: Dispel Undead
  2558 | D:3      | Reached XP level 7. HP: 54/54 MP: 11/11
  2756 | D:4      | Found a shimmering blue altar of Sif Muna.
  3001 | D:4      | Found a radiant altar of Vehumet.
  3018 | D:4      | Became a worshipper of Vehumet
  3228 | D:5      | Entered Level 5 of the Dungeon
  3244 | D:5      | Reached skill level 3 in Stealth
  3262 | D:5      | Learned a level 5 spell: Plasma Beam
  3277 | D:5      | Noticed Pikel
  3293 | D:5      | Killed Pikel
  3294 | D:5      | Reached skill level 5 in Polearms
  3294 | D:5      | Reached skill level 1 in Throwing
  3294 | D:5      | Reached skill level 3 in Spellcasting
  3294 | D:5      | Reached skill level 2 in Necromancy
  3294 | D:5      | Reached skill level 1 in Fire Magic
  3294 | D:5      | Reached skill level 1 in Air Magic
  3294 | D:5      | Reached XP level 8. HP: 31/60 MP: 12/12
  3529 | D:5      | Reached skill level 2 in Air Magic
  3547 | D:5      | Reached skill level 2 in Fire Magic
  3616 | D:5      | Found Xiacso's Weapon Emporium.
  4004 | D:6      | Reached * piety under Vehumet
  4004 | D:6      | Offered knowledge of Foxfire by Vehumet.
  4019 | D:6      | Reached skill level 2 in Throwing
  4026 | D:6      | Learned a level 1 spell: Foxfire
  4050 | D:6      | Reached skill level 3 in Necromancy
  4063 | D:6      | Reached XP level 9. HP: 30/65 MP: 14/14
  4284 | D:6      | Reached skill level 3 in Fire Magic
  4355 | D:6      | Identified a scroll of acquirement
  4362 | D:6      | Reached skill level 3 in Air Magic
  4539 | D:7      | Reached skill level 4 in Stealth
  4618 | D:7      | Found a staircase to the Ecumenical Temple.
  4656 | D:7      | Reached skill level 6 in Polearms
  4656 | D:7      | Reached skill level 5 in Evocations
  4779 | D:7      | Found a white marble altar of Elyvilon.
  4947 | D:7      | Reached skill level 4 in Necromancy
  5078 | D:7      | Reached skill level 4 in Fire Magic
  5550 | D:8      | Reached skill level 3 in Throwing
  5550 | D:8      | Reached skill level 4 in Air Magic
  5643 | D:8      | Found a shadowy altar of Dithmenos.
  5740 | D:8      | Found a transporter.
  5808 | D:8      | Reached XP level 10. HP: 64/71 MP: 15/15
  5824 | D:8      | Reached skill level 4 in Spellcasting
  5871 | D:8      | Found a flagged portal.
  5948 | Bailey   | Entered a bailey
  6103 | Bailey   | Noticed an orc knight
  6113 | Bailey   | HP: 2/71 [orc knight/+0 war axe (6)]
  6132 | Bailey   | Killed an orc knight
  6357 | Bailey   | Reached skill level 5 in Necromancy
  6440 | Bailey   | Offered knowledge of Poisonous Vapours by Vehumet.
  6442 | Bailey   | Reached ** piety under Vehumet
  6448 | Bailey   | Reached skill level 5 in Fire Magic
  6485 | Bailey   | Learned a level 2 spell: Poisonous Vapours
  6491 | Bailey   | Reached skill level 7 in Polearms
  6506 | Bailey   | Reached skill level 5 in Air Magic
  6545 | Bailey   | HP: 7/71 [orc/+0 war axe (4)]
  6837 | Bailey   | Noticed an orc warlord
  7248 | Bailey   | Reached skill level 5 in Stealth
  7248 | Bailey   | Reached skill level 1 in Conjurations
  7309 | D:8      | Noticed Gastronok
  7324 | D:8      | Killed Gastronok
  7325 | D:8      | Reached skill level 1 in Poison Magic
  7325 | D:8      | Reached XP level 11. HP: 77/77 MP: 17/17
  7365 | D:8      | Offered knowledge of Kindle Blastsparks by Vehumet.
  7389 | D:8      | Reached skill level 2 in Conjurations
  7586 | D:8      | Reached *** piety under Vehumet
  7587 | D:8      | Reached skill level 2 in Poison Magic
  7742 | D:8      | Reached skill level 4 in Throwing
  7748 | D:8      | HP: 6/77 [yak (4)]
  8467 | D:9      | Identified the +4 whip of Hulas {flame, *Rage rElec rF+
                  | Will+}
  8474 | D:9      | Identified the +2 ring mail of Golden Freedom {Dex+5}
  8484 | D:9      | Found a staircase to the Lair.
  8614 | D:9      | Found a snail-covered altar of Cheibriados.
  8639 | D:9      | Offered knowledge of Inner Flame by Vehumet.
  8640 | D:9      | Reached skill level 6 in Air Magic
  8761 | D:9      | Reached skill level 6 in Evocations
  8872 | D:9      | Acquired 771 gold pieces
  8874 | D:9      | Acquired the +5 scythe "Finisher" {speed, eviscerate}
  8874 | D:9      | Found the +5 scythe "Finisher" {speed, eviscerate}
  8885 | D:9      | Found a staircase to the Orcish Mines.
  8898 | D:9      | Reached skill level 6 in Necromancy
  8898 | D:9      | Reached skill level 6 in Fire Magic
  8923 | D:9      | Reached skill level 3 in Poison Magic
  8944 | D:9      | Reached skill level 3 in Conjurations
  8953 | D:9      | Reached skill level 5 in Spellcasting
  9738 | D:10     | Entered Level 10 of the Dungeon
  9849 | D:10     | Found Piraedu's Distillery.
  9864 | D:10     | Reached skill level 8 in Polearms
  9908 | D:10     | Slain by a yak

Vanquished Creatures
  Gastronok (D:8)
  An orc knight (Bailey)
  Pikel (D:5)
  A komodo dragon (D:9)
  A troll (D:10)
  A hornet (D:9)
  Sigmund (D:2)
  A vampire (D:10)
  A shadow (D:7)
  3 wyverns
  13 yaks
  2 steam dragons
  A water moccasin (D:7)
  2 sky beasts
  12 orc warriors
  An ice beast (D:6)
  2 ogres
  4 centaurs
  A lemure (D:5)
  A bullfrog (D:9)
  A gnoll sergeant (D:9)
  A scorpion (D:5)
  5 wights (D:7)
  2 howler monkeys (D:5)
  2 hounds (D:6)
  A jelly (D:6)
  3 orc priests
  A gnoll bouda (D:8)
  Natasha (thrice) (D:2)
  A sleepcap (D:6)
  5 iguanas (D:6)
  6 orc wizards
  23 gnolls
  12 adders
  A white imp (D:5)
  2 ufetubi (D:5)
  3 worms
  45 orcs
  4 bats
  5 endoplasms
  4 giant cockroaches
  20 goblins
  12 hobgoblins
  12 jackals
  3 quokkas
  7 ball pythons
  3 frilled lizards
  4 kobolds
  6 rats
248 creatures vanquished.

Vanquished Creatures (others)
  145 foxfires
  14 plants (D:9)
159 creatures vanquished.

Grand Total: 407 creatures vanquished

Table legend: (Time is in decaauts)
 A = Elapsed time spent in this place.
 B = Non-inter-level travel time spent in this place.
 C = Inter-level travel time spent in this place.
 D = Time resting spent in this place.
 E = Time spent auto-exploring this place.
 F = Levels seen in this place.
 G = Mean time per level.
                   A        B        C        D        E       F      G
               +--------+--------+--------+--------+--------+-----+--------+
         Total |   9762 |   9405 |    357 |    549 |   6817 |  11 |  887.5 |
       Dungeon |   8462 |   8105 |    357 |    222 |   6237 |  10 |  846.2 |
        Bailey |   1299 |   1299 |      0 |    327 |    580 |   1 | 1299.0 |
               +--------+--------+--------+--------+--------+-----+--------+

Top non-repeatable levels by time:
     D:8: 1492 daAuts
     D:9: 1360 daAuts
  Bailey: 1299 daAuts
     D:7: 1037 daAuts
     D:2: 985 daAuts
     D:3: 895 daAuts
     D:1: 844 daAuts
     D:5: 712 daAuts
     D:6: 486 daAuts
     D:4: 477 daAuts
    D:10: 171 daAuts

Table legend:
 A = Non-vault XP
 B = Vault XP
 C = Vault XP percentage of total XP
 D = Non-vault monster count
 E = Vault monster count
 F = Vault count percentage of total count
                 A         B        C        D         E       F
            +---------+---------+-------+---------+---------+-------
      Total |    8073 |    5206 |  39.2 |     177 |      70 |  28.3
            +---------+---------+-------+---------+---------+-------
        D:1 |      43 |       0 |   0.0 |      19 |       0 |   0.0
        D:2 |     134 |     276 |  67.3 |      23 |       2 |   8.0
        D:3 |      46 |      31 |  40.3 |      16 |      12 |  42.9
        D:4 |      33 |       0 |   0.0 |       5 |       0 |   0.0
        D:5 |     263 |     786 |  74.9 |      10 |       4 |  28.6
        D:6 |     562 |       0 |   0.0 |      18 |       0 |   0.0
        D:7 |    1344 |       0 |   0.0 |      22 |       0 |   0.0
        D:8 |    2489 |    1447 |  36.8 |      31 |       6 |  16.2
        D:9 |    2099 |     372 |  15.1 |      28 |       2 |   6.7
       D:10 |    1060 |       0 |   0.0 |       5 |       0 |   0.0
     Bailey |       0 |    2294 | 100.0 |       0 |      44 | 100.0
            +---------+---------+-------+---------+---------+-------
